 Dungeon Crawl Stone Soup version 0.29.1-2-gbd0b4ee654 (webtiles) character file.

Game seed: 15908553054669364001

240 MisterFreud the Covert (level 6, -1/53 HPs)
             Began as a Gnoll Delver on Nov 2, 2022.
             Slain by a black bear (3 damage)
             ... on level 4 of the Dungeon.
             The game lasted 00:04:47 (3175 turns).

MisterFreud the Covert (Gnoll Delver)               Turns: 3175, Time: 00:04:48

Health: -1/53      AC:  6    Str: 12    XL:     6   Next: 8%
Magic:  8/8        EV: 13    Int: 11    God:
Gold:   142        SH:  0    Dex: 13    Spells: 8/8 levels left

rFire   . . .      SeeInvis +   a - +1 short sword
rCold   . . .      Faith    .   (no shield)
rNeg    . . .      Spirit   .   b - +0 leather armour
rPois   .          Reflect  .   o - +2 helmet {SInv}
rElec   .          Harm     .   (no cloak)
rCorr   .          Rampage  .   (no gloves)
Will    .....                   (no boots)
Stlth   ++++......              h - amulet of regeneration
HPRegen 0.97/turn               t - ring of flight
MPRegen 0.11/turn               (no ring)

@: flying
A: fangs 1, strong nose, distributed training
a: no special abilities


You were on level 4 of the Dungeon.
You visited 1 branch of the dungeon, and saw 5 of its levels.

You collected 142 gold pieces.

Inventory:

Hand Weapons
 a - a +1 short sword (weapon)
Missiles
 s - 3 poisoned darts (quivered)
Armour
 b - a +0 leather armour (worn)
 o - a +2 helmet of see invisible (worn)
Jewellery
 h - an amulet of regeneration (around neck)
 t - a ring of flight (left hand)
 u - the amulet "Dydaos" {Reflect Str+3 SH+5}
   (You found it on level 4 of the Dungeon)

   [amulet of reflection]

   It reflects blocked missile attacks.
   Str:       It affects your strength (+3).
   SH:        It affects your SH (+5).
Wands
 g - a wand of digging (3)
 m - a wand of mindburst (18)
 r - a wand of acid (10)
Scrolls
 c - a scroll of fog
 d - 2 scrolls of magic mapping
 e - 2 scrolls of fear
 j - a scroll of teleportation
 l - a scroll of amnesia
 v - a scroll of enchant weapon
 w - a scroll of vulnerability {unknown}
Potions
 f - 2 potions of haste
 i - 2 potions of curing
 k - a potion of heal wounds {unknown}
 n - a potion of lignification {unknown}
 p - a potion of cancellation {unknown}
 q - a potion of degeneration {unknown}


   Skills:
 + Level 6.8 Fighting
 + Level 4.9 Short Blades
 + Level 1.8 Long Blades
 + Level 1.8 Axes
 + Level 1.8 Maces & Flails
 + Level 1.8 Polearms
 + Level 1.8 Staves
 + Level 1.8 Ranged Weapons
 + Level 1.8 Throwing
 + Level 1.8 Armour
 + Level 4.9 Dodging
 + Level 9.7 Stealth
 + Level 1.8 Shields
 + Level 1.8 Unarmed Combat
 + Level 1.8 Spellcasting
 + Level 1.4 Conjurations
 + Level 1.4 Hexes
 + Level 1.4 Summonings
 + Level 1.4 Necromancy
 + Level 1.4 Translocations
 + Level 1.4 Transmutations
 + Level 1.4 Fire Magic
 + Level 1.4 Ice Magic
 + Level 1.4 Air Magic
 + Level 1.4 Earth Magic
 + Level 1.4 Poison Magic
 + Level 2.0 Invocations
 + Level 1.8 Evocations


You had 8 spell levels left.
You didn't know any spells.
Your spell library contained the following spells:

 Spells                   Type           Power      Damage    Failure   Level
 Blink                    Tloc           8%         N/A       30%         2
 Iskenderun's Battlesphe  Conj           4%         2d6       99%         5
 Manifold Assault         Tloc           4%         N/A       99%         5
 Iron Shot                Conj/Erth      2%         9d2       100%        6
 Spellforged Servitor     Conj/Summ      2%         N/A       100%        7
 Storm Form               Tmut/Air       2%         N/A       100%        7


Dungeon Overview and Level Annotations

Branches:
Dungeon (5/15)
 Temple: D:4-7

Altars:
The Shining One

Annotations:
D:4 1 transporter, Blork the orc; caveywoolpert's ghost, amateur DsEE


Innate Abilities, Weirdness & Mutations

You have very sharp teeth.
Your uncanny sense of smell can sniff out nearby items.
Your experience applies equally to all skills.


Message History

You are too injured to fight recklessly!
You barely miss the black bear.
The black bear is severely wounded.
The black bear misses you. The black bear closely misses you.
The black bear completely misses you.
You are too injured to fight recklessly!
You hit the black bear but do no damage.
The black bear is severely wounded.
The black bear barely misses you. x2; The black bear closely misses you.
The hobgoblin hits you but does no damage.
You barely miss the black bear.
The black bear is severely wounded.
The black bear closely misses you. The black bear claws you.
The black bear barely misses you. The hobgoblin misses you.
The black bear closely misses you. The black bear claws you.
The black bear claws you but does no damage.
You are too injured to fight recklessly!
You closely miss the black bear.
You bite the black bear, but do no damage.
The black bear is severely wounded.
The hobgoblin hits you. The black bear barely misses you.
The black bear misses you. The black bear claws you.
* * * LOW HITPOINT WARNING * * *
You are too injured to fight recklessly!
Unknown command.
You hit the black bear.
The black bear is almost dead.
The black bear bites you.
* * * LOW HITPOINT WARNING * * *
The black bear claws you but does no damage.
The black bear claws you.
* * * LOW HITPOINT WARNING * * *
The hobgoblin closely misses you.
You hit the black bear.
The black bear is almost dead.
The black bear bites you.
* * * LOW HITPOINT WARNING * * *
The black bear claws you but does no damage.
The black bear claws you.
You die...

####..#.### .# ..© .# ##.#.# # #
..#.. ∆ .# ##.#.# #. ∆.###W..#
#.# ####....# .# ).!).. ..#
#....#..# ..## ##### #.#
##.#..#..## ...####.©.####..#
.....###..## #.............#
##..##.##..## #....#......#
#..##...##..####@h#...####.#
..##..#..##.....g....## #.#
.##..#.#..##...#..#..# #.######
##..#._.#..###....#..# #.....?.
.##..#.#..##...#..#.g#####.#.####
..##..#..'#..###........##.#.#
#..##...##..#####.#..##g##.#.#
##..##.##.....>......##h##<#.#
##..###..#.#####.#.###.##o#.#


You could see a black bear (berserk) and a hobgoblin.

Vanquished Creatures
  A scorpion (D:4)
  A howler monkey (D:4)
  Robin (D:2)
  5 adders
  A worm (D:2)
  A dart slug (D:1)
  5 orcs
  4 ball pythons
  5 endoplasms
  3 giant cockroaches
  14 goblins
  9 hobgoblins
  2 jackals (D:2)
  2 quokkas
  7 bats
  A frilled lizard (D:3)
  6 kobolds
  6 rats
74 creatures vanquished.

Notes
Turn   | Place    | Note
-------+----------+-------------------------------------------
     0 | D:5      | Reached skill level 9 in Stealth
     0 | D:5      | MisterFreud the Gnoll Delver began the quest for the Orb.
     0 | D:5      | Reached XP level 1. HP: 23/23 MP: 1/1
    39 | D:5      | Reached XP level 2. HP: 27/29 MP: 2/2
   344 | D:2      | Reached XP level 3. HP: 35/35 MP: 2/4
   480 | D:2      | Reached skill level 1 in Invocations
   551 | D:2      | Noticed Robin
   563 | D:2      | Reached skill level 1 in Long Blades
   563 | D:2      | Reached skill level 1 in Axes
   563 | D:2      | Reached skill level 1 in Maces & Flails
   563 | D:2      | Reached skill level 1 in Polearms
   563 | D:2      | Reached skill level 1 in Staves
   563 | D:2      | Reached skill level 1 in Ranged Weapons
   563 | D:2      | Reached skill level 1 in Throwing
   563 | D:2      | Reached skill level 1 in Armour
   563 | D:2      | Reached skill level 1 in Shields
   563 | D:2      | Reached skill level 1 in Unarmed Combat
   563 | D:2      | Reached skill level 1 in Spellcasting
   563 | D:2      | Reached skill level 1 in Evocations
   647 | D:3      | Reached XP level 4. HP: 41/41 MP: 5/5
   783 | D:2      | Killed Robin
   995 | D:1      | Reached skill level 1 in Conjurations
   995 | D:1      | Reached skill level 1 in Hexes
   995 | D:1      | Reached skill level 1 in Summonings
   995 | D:1      | Reached skill level 1 in Necromancy
   995 | D:1      | Reached skill level 1 in Translocations
   995 | D:1      | Reached skill level 1 in Transmutations
   995 | D:1      | Reached skill level 1 in Fire Magic
   995 | D:1      | Reached skill level 1 in Ice Magic
   995 | D:1      | Reached skill level 1 in Air Magic
   995 | D:1      | Reached skill level 1 in Earth Magic
   995 | D:1      | Reached skill level 1 in Poison Magic
  1592 | D:1      | Found a faded altar of an unknown god.
  2201 | D:3      | Reached XP level 5. HP: 38/47 MP: 7/7
  2634 | D:4      | Found a glowing golden altar of the Shining One.
  2664 | D:4      | Identified the amulet "Dydaos" {Reflect Str+3 SH+5}
  2887 | D:4      | Reached XP level 6. HP: 53/53 MP: 8/8
  2893 | D:4      | Noticed Blork the orc
  2913 | D:4      | Found a transporter.
  2915 | D:4      | Noticed caveywoolpert's ghost (amateur DsEE)
  2917 | D:4      | Noticed a black bear
  3175 | D:4      | HP: 2/53 [black bear (2)]
  3175 | D:4      | Slain by a black bear

Illustrated notes

Levels and vault maps discovered:
D:1:      lemuel_arrival_rhombus, layout_basic,
          dilly_ecumenical_altar_fadedgnrine
D:2:      layout_loops_cross, uniq_robin
D:3:      layout_loops_cross, minmay_misc_feat_enclosed, serial_bayou_lake_a
D:4:      layout_loops_ring, tso_metal_star, marbit_many_paths,
          gammafunk_ghost_stat_death, minivault_1, uniq_blork_the_orc
D:5:      layout_loops_ring, kennysheep_mini, amcnicky_mini_corridor_feature

Skill      XL: |  1  2  3  4  5 |
---------------+----------------+-----
Stealth        | |  9.7
Invocations    | 1 2 |  2.0
Long Blades    | 1 |  1.8
Axes           | 1 |  1.8
Maces & Flails | 1 |  1.8
Polearms       | 1 |  1.8
Staves         | 1 |  1.8
Ranged Weapons | 1 |  1.8
Throwing       | 1 |  1.8
Armour         | 1 |  1.8
Shields        | 1 |  1.8
Unarmed Combat | 1 |  1.8
Spellcasting   | 1 |  1.8
Evocations     | 1 |  1.8
Conjurations   | 1 |  1.4
Hexes          | 1 |  1.4
Summonings     | 1 |  1.4
Necromancy     | 1 |  1.4
Translocations | 1 |  1.4
Transmutations | 1 |  1.4
Fire Magic     | 1 |  1.4
Ice Magic      | 1 |  1.4
Air Magic      | 1 |  1.4
Earth Magic    | 1 |  1.4
Poison Magic   | 1 |  1.4
Fighting       | |  6.8
Short Blades   | |  4.9
Dodging        | |  4.9

Action                   |  1- 3 |  4- 6 || total
-------------------------+-------+-------++-------
Melee: Short sword       |   112 |   211 ||   323
       Bite              |    13 |    18 ||    31
       Punch             |     4 |     6 ||    10
  Use: Potion            |     1 |       ||     1
       Scroll            |       |     6 ||     6
 Stab: Sleeping          |     5 |    18 ||    23
Armor: Leather armour    |    29 |    60 ||    89
Dodge: Dodged            |   101 |   167 ||   268
